 Dungeon Crawl Stone Soup version 0.31.0-11-ge490571c62 (webtiles) character file.

Game seed: 199166472121369191

67 qw the Shooter (level 3, -8/18 HPs)
             Began as a Spriggan Hunter on Feb 4, 2024.
             Mangled by an ogre
             ... wielding a +0 giant club
              (23 damage)
             ... on level 4 of the Dungeon.
             The game lasted 00:00:06 (1168 turns).

qw the Shooter (Spriggan Hunter)                    Turns: 1168, Time: 00:00:06

Health: -8/18      AC:  2    Str:  7    XL:     3   Next: 98%
Magic:  4/4        EV: 19    Int: 10    God:
Gold:   157        SH:  0    Dex: 20    Spells: 2/2 levels left

rFire   . . .        a - +0 shortbow
rCold   . . .        (shield currently unavailable)
rNeg    . . .        c - +0 robe
rPois   .            (helmet restricted)
rElec   .            (no cloak)
rCorr   .            (gloves unavailable)
SInv    +            (boots unavailable)
Will    +....        (no amulet)
Stlth   ++           d - ring of willpower
HPRegen 0.23/turn    (no ring)
MPRegen 0.09/turn

%: no passive effects
@: hasted, very quick
A: very small, no large weapons, unfitting armour, see invisible, speed 3
a: no special abilities


You were on level 4 of the Dungeon.
You visited 1 branch of the dungeon, and saw 3 of its levels.

You collected 157 gold pieces.


Innate Abilities, Weirdness & Mutations

You are very small and have problems with some larger weapons.
You are too small for most types of armour.
You have supernaturally acute eyesight. (SInv)
You cover ground extremely quickly. (Speed+++)


   Skills:
 - Level 1.5 Fighting
 - Level 5.0 Ranged Weapons
 + Level 4.2 Dodging
 - Level 1.5 Stealth


You had 2 spell levels left.
You didn't know any spells.
Your spell library was empty.

Inventory:

Hand Weapons
 a - a +0 shortbow (weapon)
Armour
 c - a +0 robe (worn)
Jewellery
 d - a ring of willpower (left hand)
Potions
 b - a potion of might
 j - a potion of brilliance {unknown}

Dungeon Overview and Level Annotations

Branches:
Dungeon (4/15)
 Temple: D:4-7

Altars:


Message History

Sorry, I don't know how to get there.
1153 ||| Stepping randomly (stuck).
What level of the Dungeon? (default 3, ? - help) Sorry, I don't know how to get there.
1154 ||| Stepping randomly (stuck).
What level of the Dungeon? (default 3, ? - help) Sorry, I don't know how to get there.
1155 ||| Stepping randomly (stuck).
What level of the Dungeon? (default 3, ? - help) Sorry, I don't know how to get there.
1156 ||| Stepping randomly (stuck).
What level of the Dungeon? (default 3, ? - help) Sorry, I don't know how to get there.
1157 ||| Stepping randomly (stuck).
An ogre comes into view. It is wielding a +0 giant club.
1158 ||| DRINKING potion of haste.
You feel yourself speed up.
You shoot an arrow. The arrow hits the ogre!
The ogre is moderately wounded.
What level of the Dungeon? (default 3, ? - help) Sorry, I don't know how to get there.
1160 ||| Stepping randomly (stuck).
You shoot an arrow. The arrow hits the ogre.
The ogre is heavily wounded.
You shoot an arrow. The arrow barely misses the ogre.
The ogre misses you.
You shoot an arrow. The arrow completely misses the ogre.
You shoot an arrow. The arrow hits the ogre!
The ogre is almost dead.
The ogre hits you with a +0 giant club.
You shoot an arrow. The arrow hits the ogre.
The ogre is almost dead.
You shoot an arrow. The arrow barely misses the ogre.
The ogre misses you.
You shoot an arrow.
The arrow hits the ogre but does no damage.
The ogre is almost dead.
You shoot an arrow. The arrow barely misses the ogre.
The ogre hits you with a +0 giant club!!
Ouch! That really hurt!
You die...

# #. #### #.# ....
#.#######.####
.$###.............#
#.#.#@O...........
#..#.#.###.......
#..#.#.###...%...
#..#.#.#.........
#........#......$
#..#####..#....:..
#..# #..........
#..# #.......#.#
### #..# #..###..#


You could see an ogre.

Vanquished Creatures
  An iguana (D:4)
  An adder (D:4)
  A dart slug (D:2)
  4 endoplasms
  2 goblins (D:1)
  A hobgoblin (D:1)
  3 quokkas
  2 ball pythons (D:1)
  6 bats
  3 frilled lizards (D:1)
  4 kobolds
  3 rats (D:1)
31 creatures vanquished.

Notes
Turn   | Place    | Note
-------+----------+-------------------------------------------
     0 | D:1      | qw the Spriggan Hunter began the quest for the Orb.
     0 | D:1      | Reached XP level 1. HP: 10/10 MP: 2/2
     0 | D:1      | 0 ||| qw: Version: 0.3-a-160-g6735b56
     0 | D:1      | 0 ||| qw: Game counter: 5128
     0 | D:1      | 0 ||| qw: Melee chars always use a shield: true
     0 | D:1      | 0 ||| qw: God list: Okawaru
     0 | D:1      | 0 ||| qw: Allow faded altars: false
     0 | D:1      | 0 ||| qw: Do Orc after clearing Dungeon:15 true
     0 | D:1      | 0 ||| qw: Do second Lair branch before Depths: true
     0 | D:1      | 0 ||| qw: Lair rune preference: random
     0 | D:1      | 0 ||| qw: Goals: Normal
     0 | D:1      | 0 ||| PLANNING D:1-11
    25 | D:1      | Reached skill level 3 in Dodging
    32 | D:1      | 32 ||| RETREEEEATING.
    65 | D:1      | Reached XP level 2. HP: 14/14 MP: 3/3
   150 | D:1      | Found a faded altar of an unknown god.
   659 | D:1      | 659 ||| READING scroll labelled VODDUIC TEUC.
   660 | D:1      | 660 ||| READING scroll labelled HACEOT GIONN.
   661 | D:1      | 661 ||| READING 3 scrolls labelled UXEOLL EGRU.
   661 | D:1      | 661 ||| IDENTIFYING glowing emerald potion
   662 | D:1      | 662 ||| READING 2 scrolls of identify.
   662 | D:1      | 662 ||| IDENTIFYING scroll labelled YNWOAV SOLIGY
   663 | D:1      | 663 ||| DROPPING scroll of butterflies.
   664 | D:1      | 664 ||| DROPPING scroll of poison.
   869 | D:2      | Reached XP level 3. HP: 18/18 MP: 4/4
  1041 | D:2      | You fall into a shaft and drop 2 floors!
  1048 | D:4      | HP: 1/18 [iguana (12)]
  1049 | D:4      | 1049 ||| DRINKING potion of heal wounds.
  1085 | D:4      | 1085 ||| UPGRADING to ring of willpower.
  1086 | D:4      | 1086 ||| READING 2 scrolls of identify.
  1086 | D:4      | 1086 ||| IDENTIFYING green potion
  1087 | D:4      | 1087 ||| READING scroll of identify.
  1087 | D:4      | 1087 ||| IDENTIFYING sapphire potion
  1088 | D:4      | 1088 ||| READING scroll labelled WOLEUT YPNYEM.
  1091 | D:4      | 1091 ||| READING scroll labelled PAMUCE RAUR.
  1092 | D:4      | 1092 ||| Stepping randomly (stuck).
  1093 | D:4      | 1093 ||| Stepping randomly (stuck).
  1095 | D:4      | Reached skill level 5 in Ranged Weapons
  1095 | D:4      | 1095 ||| Stepping randomly (stuck).
  1096 | D:4      | 1096 ||| Stepping randomly (stuck).
  1097 | D:4      | 1097 ||| Stepping randomly (stuck).
  1098 | D:4      | 1098 ||| Stepping randomly (stuck).
  1103 | D:4      | 1103 ||| Stepping randomly (stuck).
  1104 | D:4      | 1104 ||| Stepping randomly (stuck).
  1105 | D:4      | 1105 ||| Stepping randomly (stuck).
  1106 | D:4      | 1106 ||| Stepping randomly (stuck).
  1107 | D:4      | 1107 ||| Stepping randomly (stuck).
  1108 | D:4      | 1108 ||| Stepping randomly (stuck).
  1109 | D:4      | 1109 ||| Stepping randomly (stuck).
  1110 | D:4      | 1110 ||| Stepping randomly (stuck).
  1111 | D:4      | 1111 ||| Stepping randomly (stuck).
  1112 | D:4      | 1112 ||| Stepping randomly (stuck).
  1113 | D:4      | 1113 ||| Stepping randomly (stuck).
  1114 | D:4      | 1114 ||| Stepping randomly (stuck).
  1115 | D:4      | 1115 ||| Stepping randomly (stuck).
  1116 | D:4      | 1116 ||| Stepping randomly (stuck).
  1117 | D:4      | 1117 ||| Stepping randomly (stuck).
  1118 | D:4      | 1118 ||| Stepping randomly (stuck).
  1119 | D:4      | 1119 ||| Stepping randomly (stuck).
  1120 | D:4      | 1120 ||| Stepping randomly (stuck).
  1121 | D:4      | 1121 ||| Stepping randomly (stuck).
  1122 | D:4      | 1122 ||| Stepping randomly (stuck).
  1123 | D:4      | 1123 ||| Stepping randomly (stuck).
  1124 | D:4      | 1124 ||| Stepping randomly (stuck).
  1125 | D:4      | 1125 ||| Stepping randomly (stuck).
  1126 | D:4      | 1126 ||| Stepping randomly (stuck).
  1127 | D:4      | 1127 ||| Stepping randomly (stuck).
  1128 | D:4      | 1128 ||| Stepping randomly (stuck).
  1129 | D:4      | 1129 ||| Stepping randomly (stuck).
  1130 | D:4      | 1130 ||| Stepping randomly (stuck).
  1131 | D:4      | 1131 ||| Stepping randomly (stuck).
  1132 | D:4      | 1132 ||| Stepping randomly (stuck).
  1133 | D:4      | 1133 ||| Stepping randomly (stuck).
  1134 | D:4      | 1134 ||| Stepping randomly (stuck).
  1135 | D:4      | 1135 ||| Stepping randomly (stuck).
  1136 | D:4      | 1136 ||| Stepping randomly (stuck).
  1137 | D:4      | 1137 ||| Stepping randomly (stuck).
  1138 | D:4      | 1138 ||| Stepping randomly (stuck).
  1139 | D:4      | 1139 ||| Stepping randomly (stuck).
  1140 | D:4      | 1140 ||| Stepping randomly (stuck).
  1141 | D:4      | 1141 ||| Stepping randomly (stuck).
  1142 | D:4      | 1142 ||| Stepping randomly (stuck).
  1143 | D:4      | 1143 ||| Stepping randomly (stuck).
  1144 | D:4      | 1144 ||| Stepping randomly (stuck).
  1145 | D:4      | 1145 ||| Stepping randomly (stuck).
  1146 | D:4      | 1146 ||| Stepping randomly (stuck).
  1147 | D:4      | 1147 ||| Stepping randomly (stuck).
  1148 | D:4      | 1148 ||| Stepping randomly (stuck).
  1149 | D:4      | 1149 ||| Stepping randomly (stuck).
  1150 | D:4      | 1150 ||| Stepping randomly (stuck).
  1151 | D:4      | 1151 ||| Stepping randomly (stuck).
  1152 | D:4      | 1152 ||| Stepping randomly (stuck).
  1153 | D:4      | 1153 ||| Stepping randomly (stuck).
  1154 | D:4      | 1154 ||| Stepping randomly (stuck).
  1155 | D:4      | 1155 ||| Stepping randomly (stuck).
  1156 | D:4      | 1156 ||| Stepping randomly (stuck).
  1157 | D:4      | 1157 ||| Stepping randomly (stuck).
  1157 | D:4      | Noticed an ogre
  1158 | D:4      | 1158 ||| DRINKING potion of haste.
  1160 | D:4      | 1160 ||| Stepping randomly (stuck).
  1168 | D:4      | Mangled by an ogre

Levels and vault maps discovered:
D:1:      nzn_arrival_depleted_hourglass, layout_basic,
          shapermc_ecumenical_altar_totnotflames, minmay_tetromino_o4
D:2:      layout_basic
D:4:      layout_loops_ring, zin_purify, temple_statues, serial_shops,
          nicolae_shop_gaudy_bauble, uniq_pikel, uniq_robin

Skill      XL: |  1  2  3 |
---------------+----------+-----
Dodging        | 3 4 |  4.2
Ranged Weapons | 5 |  5.0
Fighting       | |  1.5
Stealth        | |  1.5

Action                     || total
---------------------------++-------
   Fire: Shortbow          ||    83
    Use: Scroll            ||     8
         Potion            ||     2
 Armour: Robe              ||    13
  Dodge: Dodged            ||    17

Table legend:
 A = Non-vault XP
 B = Vault XP
 C = Vault XP percentage of total XP
 D = Non-vault monster count
 E = Vault monster count
 F = Vault count percentage of total count
                 A         B        C        D         E       F
            +---------+---------+-------+---------+---------+-------
      Total |      91 |       5 |   5.2 |      27 |       4 |  12.9
            +---------+---------+-------+---------+---------+-------
        D:1 |      24 |       5 |  17.2 |      16 |       4 |  20.0
        D:2 |      16 |       0 |   0.0 |       8 |       0 |   0.0
        D:4 |      51 |       0 |   0.0 |       3 |       0 |   0.0
            +---------+---------+-------+---------+---------+-------
